 Dungeon Crawl Stone Soup version 0.23-a0-275-g0cf4261 (webtiles) character file.

54 Petrovich the Skirmisher (level 4, -3/37 HPs)
             Began as a Formicid Abyssal Knight on Oct 2, 2018.
             Was a Follower of Lugonu.
             Slain by an orc warrior
             ... wielding a +0 mace
              (13 damage)
             ... on level 2 of the Dungeon.
             The game lasted 00:02:34 (839 turns).

Petrovich the Skirmisher (Formicid Abyssal Knight)   Turns: 839, Time: 00:02:35

Health: -3/37      AC:  9    Str: 23    XL:     4   Next: 12%
Magic:  6/6        EV:  8    Int: 11    God:    Lugonu [*.....]
Gold:   45         SH:  0    Dex: 10    Spells: 3/3 levels left

rFire    . . .     SeeInvis +   i - +0 war axe
rCold    . . .     Gourm    .   (no shield)
rNeg     . . .     Faith    .   d - +0 chain mail {rPois}
rPois    +         Spirit   .   (helmet unavailable)
rElec    .         Reflect  .   (no cloak)
rCorr    .         Harm     .   (no gloves)
MR       .....                  (no boots)
Stlth    ..........             (no amulet)
HPRegen  0.12/turn              (no ring)
MPRegen  0.10/turn              (no ring)

@: mighty
A: permanent stasis, dig shafts and tunnels, four strong arms, antennae 3
a: Dig, Shaft Self, Depart the Abyss, Renounce Religion


You were on level 2 of the Dungeon.
You worshipped Lugonu.
Lugonu was aware of your devotion.
You were hungry.

You visited 1 branch of the dungeon, and saw 2 of its levels.
You visited the Abyss 1 time.

You collected 45 gold pieces.

Inventory:

Hand Weapons
 a - a +1 hand axe
 i - a +0 war axe (weapon)
Missiles
 g - 8 tomahawks (quivered)
Armour
 b - a +0 leather armour
 d - a +0 chain mail of poison resistance (worn)
Jewellery
 f - a +2 ring of intelligence {unknown}
Scrolls
 e - a scroll of enchant armour {unknown}
 j - a scroll of fear {unknown}
 k - a scroll of enchant weapon {unknown}
Potions
 h - a potion of mutation {unknown}
Comestibles
 c - 3 rations


   Skills:
 + Level 3.7 Fighting
 * Level 2.9 Axes
 + Level 2.8 Armour
 - Level 0.8 Dodging
 + Level 2.9 Invocations


You had 3 spell levels left.
You didn't know any spells.
Your spell library was empty.

Dungeon Overview and Level Annotations

Branches:
Dungeon (2/15)

Altars:
Kikubaaqudgha
Nemelex Xobeh


Innate Abilities, Weirdness & Mutations

You cannot be hasted, slowed, berserked, paralysed or teleported.
You can dig through walls and to a lower floor.
Your four strong arms can wield two-handed weapons with a shield.
You have a pair of large antennae on your head. (SInv)


Message History

You dig through the rock wall.
You dig through the rock wall.
You dig through the rock wall.
You are feeling hungry.
You retract your mandibles.
You hit the orc warrior but do no damage.
The orc warrior hits you with a mace.
You closely miss the orc warrior. The orc warrior barely misses you.
You closely miss the orc warrior. The orc warrior hits you with a mace!
The orc warrior hits you but does no damage.
You closely miss the orc warrior.
The orc warrior hits you but does no damage.
You slash the orc warrior!
The orc warrior is moderately wounded.
The orc warrior hits you with a mace!
* * * LOW HITPOINT WARNING * * *
It was a potion of might.
You feel very mighty all of a sudden. The orc warrior hits you with a mace!
You die...

### #@## ##o# #########
##{#### #.......#
########.{{..###.#####.###
...o..o'..........>..#†#..
###.####.....#.#.#.#.#.#.#
#.....#.#...#.#.#.#
#.....#.#####.#.#.#
###......# #.#....


You could see an orc warrior.

Vanquished Creatures
  An adder (D:2)
  A worm (D:2)
  A dart slug (D:1)
  A leopard gecko (D:1)
  A ball python (D:1)
  4 bats
  6 goblins
  7 hobgoblins
  4 jackals (D:2)
  3 frilled lizards (D:1)
  6 kobolds
  A rat (D:2)
36 creatures vanquished.

Notes
Turn   | Place    | Note
-------+----------+-------------------------------------------
     0 | Abyss:1  | Petrovich the Formicid Abyssal Knight began the quest for
                  | the Orb.
     0 | Abyss:1  | Reached XP level 1. HP: 18/18 MP: 2/2
    36 | Abyss:1  | Noticed an ancient zyme
    37 | D:1      | Escaped the Abyss
    86 | D:1      | Reached * piety under Lugonu
    86 | D:1      | Reached XP level 2. HP: 20/24 MP: 3/3
   335 | D:1      | Reached XP level 3. HP: 27/29 MP: 4/4
   725 | D:2      | Found a sparkling altar of Nemelex Xobeh.
   746 | D:2      | Found an ancient bone altar of Kikubaaqudgha.
   748 | D:2      | Reached XP level 4. HP: 37/37 MP: 6/6
   828 | D:2      | Noticed an orc warrior
   839 | D:2      | Slain by an orc warrior

Vault maps used:
D:1:      minmay_arrival_glassed_features
D:2:      lemuel_doored_altar, nicolae_overflow_hidden_temple,
          overflow_temple_1_default, serial_park_tiny_pond,
          hangedman_feature_mirror, grunt_ministairs_12
Abyss:1:  hangedman_abyss_or_decor_stabs

Action                   |  1- 3 |  4- 6 || total
-------------------------+-------+-------++-------
Melee: Hand axe          |   107 |       ||   107
       War axe           |     1 |    15 ||    16
Throw: Tomahawk          |     3 |       ||     3
Invok: Depart the Abyss  |     1 |       ||     1
 Abil: Dig               |     1 |     1 ||     2
  Use: Potion            |       |     1 ||     1
Armor: Chain mail        |    66 |    11 ||    77
Dodge: Dodged            |    40 |     9 ||    49

Table legend:
 A = Non-vault XP
 B = Vault XP
 C = Vault XP percentage of total XP
 D = Non-vault monster count
 E = Vault monster count
 F = Vault count percentage of total count
                 A         B        C        D         E       F
            +---------+---------+-------+---------+---------+-------
      Total |      77 |       1 |   1.3 |      35 |       1 |   2.8
            +---------+---------+-------+---------+---------+-------
        D:1 |      39 |       0 |   0.0 |      22 |       0 |   0.0
        D:2 |      38 |       1 |   2.6 |      13 |       1 |   7.1
            +---------+---------+-------+---------+---------+-------
